 Dungeon Crawl Stone Soup version 0.30.0-15-g856e2d3f33 (webtiles) character file.

Game seed: 5008825145609398495

57 Lavandula the Cutter (level 4, 0/45 HPs)
             Began as a Barachi Enchanter on May 19, 2023.
             Was a Follower of Okawaru.
             Slain by a goblin
             ... wielding a +0 dagger
             ... led by Robin
              (5 damage)
             ... on level 2 of the Dungeon.
             The game lasted 00:05:13 (1247 turns).

Lavandula the Cutter (Barachi Enchanter)            Turns: 1247, Time: 00:05:13

Health: 0/45       AC:  3    Str:  9    XL:     4   Next: 0%
Magic:  0/7        EV: 12    Int: 17    God:    Okawaru [*.....]
Gold:   56         SH:  0    Dex: 13    Spells: 1/7 levels left

rFire   . . .        a - +1 dagger
rCold   . . .        (no shield)
rNeg    . . .        b - +0 robe
rPois   .            (no helmet)
rElec   .            f - +0 cloak
rCorr   .            (no gloves)
SInv    .            (no boots)
Will    .....        (no amulet) Stlth
                     (no ring)
HPRegen 0.27/turn    (no ring)
MPRegen 0.10/turn

%: no passive effects
@: berserking (expiring), unable to hop, hasted, invisible, quick
A: amphibious, slowness 1, strong legs 1, +LOS
a: Hop, Renounce Religion, Heroism


You were on level 2 of the Dungeon.
You worshipped Okawaru.
Okawaru was aware of your devotion.
You visited 1 branch of the dungeon, and saw 2 of its levels.

You collected 56 gold pieces.

Inventory:

Hand Weapons
 a - a +1 dagger (weapon)
Armour
 b - a +0 robe (worn)
 f - a +0 cloak (worn)
Scrolls
 d - 2 scrolls of teleportation {unknown}
 g - a scroll of blinking {unknown}
Potions
 c - a potion of invisibility


   Skills:
 + Level 3.3 Short Blades
 - Level 2.1 Dodging
 - Level 2.6 Stealth
 - Level 2.1 Spellcasting
 - Level 3.2 Hexes
 - Level 1.6 Necromancy


You had one spell level left.
You knew the following spells:

 Your Spells              Type           Power      Damage    Failure   Level
a - Necrotise             Necr           28%        1d5       10%         1
b - Ensorcelled Hibernat  Hex/Ice        14%        N/A       14%         2
c - Dazzling Flash        Conj/Hex       14%        N/A       28%         3

Your spell library contained the following spells:

 Spells                   Type           Power      Damage    Failure   Level
 Apportation              Tloc           2%         N/A       19%         1
 Confusing Touch          Hex            13%        N/A       14%         3
 Orb of Destruction       Conj           0%         9d5       100%        7
 Summon Small Mammal      Summ           Unusable   N/A       N/A         1
 Tukima's Dance           Hex            Unusable   N/A       N/A         3
 Summon Guardian Golem    Hex/Summ       Unusable   N/A       N/A         3
 Spellforged Servitor     Conj/Summ      Unusable   N/A       N/A         7

Dungeon Overview and Level Annotations

Branches:
Dungeon (2/15)

Altars:
Okawaru


Innate Abilities, Weirdness & Mutations

You are amphibious.
You cover ground slowly.
You can hop short distances.
You have an extended range of vision and can be seen from far away.


Message History

Robin roars a battlecry!
The goblins go into a battle-frenzy!
Unknown command.
You catch the helpless Robin completely off-guard!
You puncture Robin!
You kill Robin!
Okawaru accepts your kill. The goblin closely misses you.
Your Short Blades skill increases to level 3!
Unknown command.
You strike the helpless hobgoblin from behind!
You puncture the hobgoblin!
You kill the hobgoblin!
Okawaru accepts your kill.
Unknown command.
You hit the goblin.
The goblin is severely wounded.
The goblin unwields a +0 dagger.
The goblin wields a +0 sling.
The goblin shoots a sling bullet.
The sling bullet closely misses you.
Unknown command.
You catch the helpless goblin completely off-guard!
You puncture the goblin!
You kill the goblin!
Okawaru accepts your kill.
You have reached level 4!
You feel agile.
You have nothing you can fire or use right now.
Unknown command.
Okay, then.
It was a potion of berserk rage.
A red film seems to cover your vision as you go berserk!
You feel yourself moving faster!
You feel mighty!
The goblin shoots a sling bullet.
The sling bullet barely misses you.
You feel a strong urge to attack something.
The goblin shouts!
Items here: )) ††.
The goblin shouts!
The goblin unwields a +0 sling.
The goblin wields a +0 dagger.
The goblin hits you with a +0 dagger.
You die...

..##
...g.g############
..#
#######.gg...)......#
...
...........g........#
..
#########........)..#
####........#
##.......# #.......#
#####.g.####
########.)@gg..#
........)#######
..########


You could see a hobgoblin (strong, unable to see you) and 2 goblins.

Vanquished Creatures
  Robin (D:2)
  5 endoplasms
  A giant cockroach (D:1)
  13 goblins
  4 hobgoblins
  2 kobolds (D:1)
  3 quokkas
  A ball python (D:2)
  4 bats (D:1)
  A frilled lizard (D:1)
  A rat (D:1)
36 creatures vanquished.

Vanquished Creatures (collateral kills)
  A hobgoblin (D:1)
  A rat (D:1)
2 creatures vanquished.

Grand Total: 38 creatures vanquished

Notes
Turn   | Place    | Note
-------+----------+-------------------------------------------
     0 | D:1      | Lavandula the Barachi Enchanter began the quest for the
                  | Orb.
     0 | D:1      | Reached XP level 1. HP: 13/13 MP: 3/3
   103 | D:1      | Learned a level 1 spell: Necrotise
   161 | D:1      | Reached XP level 2. HP: 19/19 MP: 5/5
   164 | D:1      | Learned a level 2 spell: Ensorcelled Hibernation
   465 | D:1      | Reached skill level 1 in Necromancy
   613 | D:1      | Reached XP level 3. HP: 16/24 MP: 0/6
   617 | D:1      | Learned a level 3 spell: Dazzling Flash
   959 | D:1      | Found a faded altar of an unknown god.
   966 | D:1      | Prayed at the altar of an unknown god.
   966 | D:1      | Became a worshipper of Warmaster Okawaru
   966 | D:1      | Reached * piety under Okawaru
  1082 | D:2      | Noticed Robin
  1241 | D:2      | Killed Robin
  1245 | D:2      | Reached XP level 4. HP: 3/30 MP: 0/7
  1247 | D:2      | Slain by a goblin

Illustrated notes

Levels and vault maps discovered:
D:1:      minmay_arrival_up_and_down, layout_basic,
          dilly_ecumenical_altar_fadedgnrine
D:2:      layout_rooms, kennysheep_generic_room_12, uniq_robin

Skill      XL: |  1  2  3 |
---------------+----------+-----
Short Blades   | 2 3 |  3.3
Necromancy     | 1 |  1.6
Dodging        | |  2.1
Stealth        | |  2.6
Spellcasting   | |  2.1
Hexes          | |  3.2

Action                     |  1- 3 |  4- 6 || total
---------------------------+-------+-------++-------
  Melee: Dagger            |    83 |       ||    83
   Cast: Necrotise         |    42 |       ||    42
         Ensorcelled Hiber |     2 |       ||     2
         Dazzling Flash    |     1 |       ||     1
Ability: Hop               |     1 |       ||     1
    Use: Potion            |     2 |     1 ||     3
   Stab: Sleeping          |     3 |       ||     3
         Invisible         |     3 |       ||     3
 Armour: Robe              |    19 |       ||    19
  Dodge: Dodged            |    78 |     1 ||    79
